 Dungeon Crawl Stone Soup version 0.29.0-4-gdea44cf6ec (webtiles) character file.

Game seed: 2230217786130950078

21 qw the Chopper (level 2, 0/17 HPs)
             Began as a Tengu Warper on Aug 28, 2022.
             Slain by an orc
             ... wielding a +0 short sword
              (1 damage)
             ... on level 2 of the Dungeon.
             The game lasted 00:00:04 (1152 turns).

qw the Chopper (Tengu Warper)                       Turns: 1152, Time: 00:00:05

Health: 0/17       AC:  6    Str: 11    XL:     2   Next: 83%
Magic:  6/6        EV:  9    Int: 13    God:
Gold:   40         SH:  0    Dex: 13    Spells: 5/5 levels left

rFire   . . .      SeeInvis .   Y - +0 hand axe
rCold   . . .      Faith    .   (no shield)
rNeg    . . .      Spirit   .   h - +0 scale mail
rPois   .          Reflect  .   (helmet restricted)
rElec   .          Harm     .   (no cloak)
rCorr   .          Rampage  .   (no gloves)
Will    .....                   (boots unavailable)
Stlth   ..........              (no amulet)
HPRegen 0.05/turn               (no ring)
MPRegen 0.10/turn               (no ring)

@: no status effects
A: beak, talons 3
a: no special abilities


You were on level 2 of the Dungeon.
You visited 1 branch of the dungeon, and saw 2 of its levels.

You collected 40 gold pieces.


Innate Abilities, Weirdness & Mutations

You have a beak for a mouth.
You have claws for feet.


   Skills:
 - Level 2.0 Fighting
 + Level 3.6 Axes
 - Level 1.0 Throwing
 - Level 1.1 Armour
 - Level 2.1 Dodging
 - Level 2.0 Spellcasting
 - Level 2.4 Translocations


You had 5 spell levels left.
You didn't know any spells.
Your spell library contained the following spells:

 Spells                   Type           Power      Damage    Failure   Level
 Blink                    Tloc           14%        N/A       65%         2
 Gell's Gravitas          Tloc           7%         N/A       86%         3
 Lesser Beckoning         Tloc           7%         N/A       86%         3
 Teleport Other           Tloc           7%         N/A       86%         3
 Manifold Assault         Tloc           7%         N/A       100%        5

Inventory:

Hand Weapons
 g - a +0 club
 Y - a +0 hand axe (weapon)
Armour
 h - a +0 scale mail (worn)
Potions
 d - a potion of mutation {unknown}
 f - a potion of flight {unknown}
 i - a potion of lignification {unknown}
 j - a potion of curing {unknown}

Dungeon Overview and Level Annotations

Branches:
Dungeon (2/15)

Altars:


Message History

You start waiting.
Your hearing returns.
Done waiting.
Done exploring.
1121 ||| DROPPING scroll of blinking.
You drop a scroll of blinking.
Done exploring.
(D) Dungeon
Where to? (* - list waypoints, ? - help)
What level of the Dungeon? (default 1, ? - help)
There is a stone staircase leading down here.
You climb downwards.
The orc shouts! x2; You hear an angry hiss.
You hear a shout!
There is a stone staircase leading up here.
There are monsters nearby!
Existing waypoints: (2) D:1 Assign waypoint to what number? (0-9, D - delete waypoint) Waypoint 1 assigned to D:2.
The orc hits you with a +0 flail.
You hit the orc. Your kick misses the orc.
The orc is heavily wounded.
You hit the orc. The orc hits you with a +0 flail.
The orc hits you but does no damage.
You hit the orc.
The orc is almost dead.
You hit the orc. You barely miss the orc.
The orc barely misses you. x2; The orc hits you but does no damage.
The orc barely misses you.
You hit the orc.
You kill the orc!
You closely miss the orc. You barely miss the orc. You hit the orc.
The orc hits you with a +0 short sword. The orc hits you with a +0 flail.
The orc hits you from afar with a +0 trident.
The orc closely misses you.
A ball python comes into view.
You hit the orc. You claw the orc.
You kill the orc!
You hit the orc but do no damage. x2
The orc hits you with a +0 short sword.
You die...

... #.# #.#
#.#+##
S....##
##..o..##
##.)o....##
#.<@).....#
+...o.....+
#.........#
##.......##
##.....##
##...##
#+##


You could see 3 orcs and a ball python.

Vanquished Creatures
  2 orcs (D:2)
  A ball python (D:1)
  4 endoplasms (D:1)
  A giant cockroach (D:1)
  A goblin (D:1)
  2 hobgoblins (D:1)
  A kobold (D:1)
  A quokka (D:1)
  A bat (D:1)
  2 frilled lizards (D:1)
  2 rats (D:1)
18 creatures vanquished.

Notes
Turn   | Place    | Note
-------+----------+-------------------------------------------
     0 | D:1      | qw the Tengu Warper began the quest for the Orb.
     0 | D:1      | Reached XP level 1. HP: 12/12 MP: 4/4
     0 | D:1      | 0 ||| qw: Version: 0.1-a-89-g26bdef1
     0 | D:1      | 0 ||| qw: Game counter: 2823
     0 | D:1      | 0 ||| qw: Always use a shield: true
     0 | D:1      | 0 ||| qw: God list: Okawaru
     0 | D:1      | 0 ||| qw: Allow faded altars: false
     0 | D:1      | 0 ||| qw: Do Orc after D:15 true
     0 | D:1      | 0 ||| qw: Do second Lair branch before Depths: true
     0 | D:1      | 0 ||| qw: Lair rune preference: random
     0 | D:1      | 0 ||| qw: Plans: Normal
     0 | D:1      | 0 ||| PLANNING D:1-11
   124 | D:1      | Reached skill level 3 in Axes
   124 | D:1      | Reached XP level 2. HP: 12/17 MP: 6/6
   490 | D:1      | Found a faded altar of an unknown god.
  1008 | D:1      | 1008 ||| UPGRADING to +0 scale mail.
  1018 | D:1      | 1018 ||| DROPPING +0 leather armour.
  1019 | D:1      | 1019 ||| DROPPING ring of flight.
  1020 | D:1      | 1020 ||| READING scroll labelled VEFUNE DUTHYA.
  1121 | D:1      | 1121 ||| DROPPING scroll of blinking.
  1151 | D:2      | HP: 2/17 [orc/+0 flail (6)]
  1152 | D:2      | Slain by an orc

Levels and vault maps discovered:
D:1:      dpeg_arrival_pond, layout_basic,
          shapermc_ecumenical_altar_mp_highgroup, hangedman_abyss_or_decor_stabs
D:2:      layout_loops_corners, kennysheep_cross_bottleneck, bh_walls_and_bars

Skill      XL: |  1 |
---------------+----+-----
Axes           | 3 |  3.6
Fighting       | |  2.0
Throwing       | |  1.0
Armour         | |  1.1
Dodging        | |  2.1
Spellcasting   | |  2.0
Translocations | |  2.4

Action                   || total
-------------------------++-------
Melee: Hand axe          ||    37
       Kick              ||    10
       Peck              ||     5
Throw: Boomerang         ||     7
  Use: Scroll            ||     1
Armor: Leather armour    ||    10
       Scale mail        ||     2
Dodge: Dodged            ||    15

Table legend:
 A = Non-vault XP
 B = Vault XP
 C = Vault XP percentage of total XP
 D = Non-vault monster count
 E = Vault monster count
 F = Vault count percentage of total count
                 A         B        C        D         E       F
            +---------+---------+-------+---------+---------+-------
      Total |      33 |       0 |   0.0 |      18 |       0 |   0.0
            +---------+---------+-------+---------+---------+-------
        D:1 |      27 |       0 |   0.0 |      16 |       0 |   0.0
        D:2 |       6 |       0 |   0.0 |       2 |       0 |   0.0
            +---------+---------+-------+---------+---------+-------
